 Dungeon Crawl Stone Soup version 0.31-a0-977-gc230f8ef24 (webtiles) character file.

Game seed: 5138181494580023543

5861 Shayle the Nimble (level 10, -1/64 HPs)
             Began as a Tengu Hexslinger on Oct 29, 2023.
             Was a Believer of Wu Jian.
             Slain by a troll (9 damage)
             ... on level 11 of the Dungeon.
             The game lasted 00:34:03 (9827 turns).

Shayle the Nimble (Tengu Hexslinger)                Turns: 9827, Time: 00:34:06

Health: -1/64      AC: 10    Str:  9    XL:     10   Next: 81%
Magic:  12/12      EV: 18    Int: 15    God:    Wu Jian [**....]
Gold:   715        SH:  0    Dex: 19    Spells: 9/11 levels left

rFire   + . .        i - +3 dagger (venom)
rCold   . . .        (no shield)
rNeg    . . .        r - +0 ring mail {rF+}
rPois   +            (helmet restricted)
rElec   .            m - +2 cloak
rCorr   .            E - +1 pair of gloves
SInv    .            (boots unavailable)
Will    .....        (no amulet)
Stlth   +            t - ring of poison resistance
HPRegen 0.30/turn    (no ring)
MPRegen 0.13/turn

%: acrobat
@: flying
A: beak, talons 3, evasive flight, acrobatic
a: Renounce Religion, Wall Jump


You were on level 11 of the Dungeon.
You worshipped Wu Jian.
Wu Jian was pleased with you.
You visited 2 branches of the dungeon, and saw 12 of its levels.
You also visited: Bailey.

You collected 739 gold pieces.
You spent 24 gold pieces at shops.

Inventory:

Hand Weapons
 a - a +1 sling
 d - a +2 whip of freezing
 i - a +3 dagger of venom (weapon)
 A - a +0 longbow of freezing
 C - a +3 war axe
Missiles
 y - 15 boomerangs (quivered)
 F - 6 atropa-tipped darts
Armour
 c - a +0 robe
 k - a +0 kite shield
 m - a +2 cloak (worn)
 r - a +0 ring mail of fire resistance (worn)
 z - the +0 ring mail of the Lily {rPois rC+}
   (You took it off a kobold in a bailey)

   rC+:       It protects you from cold.
   rPois:     It protects you from poison
 E - a +1 pair of gloves (worn)
Jewellery
 t - a ring of poison resistance (left hand)
 H - a ring of magical power
Scrolls
 b - 2 scrolls of poison
 e - a scroll of amnesia
 f - a scroll of immolation
 p - 2 scrolls of vulnerability
 u - 4 scrolls of fog
 v - 6 scrolls of teleportation
 x - 2 scrolls of revelation
Potions
 g - a potion of invisibility {unknown}
 j - 2 potions of lignification {unknown}
 l - a potion of degeneration {unknown}
 n - 2 potions of brilliance {unknown}
 o - 3 potions of cancellation {unknown}
 q - 3 potions of attraction
 s - a potion of berserk rage {unknown}
 B - 5 potions of enlightenment
Miscellaneous
 D - a phial of floods


   Skills:
 + Level 7.8 Fighting
 - Level 2.1 Ranged Weapons
 + Level 8.7 Dodging
 + Level 8.3 Unarmed Combat
 - Level 1.0 Spellcasting
 - Level 2.1 Hexes
 - Level 1.1 Fire Magic
 * Level 7.2 Shapeshifting


You had 9 spell levels left.
You knew the following spells:

 Your Spells              Type           Power      Damage    Failure   Level
a - Jinxbite              Hex            14%        N/A       38%         2

Your spell library contained the following spells:

 Spells                   Type           Power      Damage    Failure   Level
 Slow                     Hex            28%        N/A       28%         1
 Sting                    Tmut/Pois      0%         1d3       56%         1
 Confusing Touch          Hex            7%         N/A       63%         3
 Sigil of Binding         Hex            7%         N/A       63%         3
 Poisonous Vapours        Pois/Air       0%         N/A       71%         2
 Inner Flame              Hex/Fire       5%         N/A       71%         3
 Vampiric Draining        Necr           0%         2d6       90%         3
 Cause Fear               Hex            3%         N/A       95%         4
 Dimensional Bullseye     Hex/Tloc       2%         N/A       99%         4
 Olgreb's Toxic Radiance  Pois           0%         N/A       100%        4


Dungeon Overview and Level Annotations

Branches:
Dungeon (11/15)            Temple (1/1) D:5          Bailey (visited)
   Lair: D:8-11         Orc: D:9-12

Altars:
Cheibriados
Dithmenos
Elyvilon
Fedhas
Gozag
Hepliaklqana
Kikubaaqudgha
Makhleb
Nemelex Xobeh
Okawaru
Qazlal
Ru
Sif Muna
Trog
Uskayaw
Vehumet
Wu Jian
Xom
Zin
The Shining One

Shops:
D:2 ?

Annotations:
D:2 1 runed translucent door, Crazy Yiuf
D:10 Erolcha


Innate Abilities, Weirdness & Mutations

You have a beak for a mouth.
You have claws for feet.
Your magical flight helps you evade attacks. (EV +4)
You can magically evade attacks while moving or waiting.


Message History

The troll looks as sick as possible!
You claw the troll.
You kill the troll!
The Council accepts your kill.
You can now perform airborne attacks.
You start resting.
HP restored.
o - 3 murky golden potions (gained 1)
You reach down and open the door.
There is an open door here.
You reach down and open the door.
A troll comes into view.
The troll shouts!
Found 17 gold pieces.
There is an open door here.
You lunge at the troll.
You hit the troll.
The troll is poisoned.
Your kick misses the troll.
The troll is lightly wounded.
The troll bites you. The troll claws you! The troll misses you.
Unknown command.
You spin and attack the troll.
You hit the troll but do no damage.
The troll looks as sick as possible!
You peck the troll.
The troll is lightly wounded.
The troll bites you. The troll barely misses you. The troll claws you!
Aiming: Wall Jump
Press: ? - help, Dir - move target You repeatedly attack the troll from above.
You hit the troll.
The troll looks as sick as possible!
You claw the troll.
The troll is moderately wounded.
You barely miss the troll.
The troll is moderately wounded.
The troll bites you. The troll closely misses you. The troll claws you!
The troll completely misses you. The troll closely misses you.
The troll claws you!
You spin and attack the troll.
You hit the troll but do no damage.
The troll looks as sick as possible!
You claw the troll. Your peck misses the troll.
The troll is severely wounded.
The troll bites you!
* * * LOW HITPOINT WARNING * * *
The troll completely misses you. The troll claws you!
You die...

##..#...........
#.....#.........
#.....#.........
#.....#.........
#######....#......###
#.....####'#......#
#.....#....###+##.#
#.°°T.'.....#.....###
#.°.@.#.....#....##..
#..°..#....##....##..
#.#####....##....##..
.$........÷...........
....#...............##..
#....#...............##..
#... #...................
#... #...##..............
#... #....##....##..


You could see a troll (extremely poisoned).

Vanquished Creatures
  A two-headed ogre (D:11)
  Pikel (D:5)
  A centaur zombie (D:10)
  2 unseen horror zombies (D:10)
  2 trolls (D:11)
  A vampire mosquito (D:11)
  A steam dragon (D:7)
  Menkaure (D:5)
  A water moccasin (D:6)
  9 orc warriors
  A black bear (D:3)
  2 ice beasts
  2 ogres (D:4)
  4 centaurs
  A phantom (D:3)
  A kobold brigand (D:11)
  A gnoll sergeant (D:7)
  2 scorpions
  4 wights (D:7)
  A killer bee (D:7)
  A howler monkey (D:10)
  3 hounds
  8 orc priests
  2 iguanas
  5 orc wizards
  A sleepcap (D:5)
  A mummy (D:3)
  12 gnolls
  6 adders
  A shadow imp (D:6)
  2 ufetubi (D:6)
  A worm (D:3)
  3 dart slugs
  27 orcs
  10 bats
  11 endoplasms
  2 giant cockroaches (D:2)
  8 goblins
  12 hobgoblins
  2 jackals (D:1)
  22 kobolds
  6 quokkas
  6 ball pythons
  2 frilled lizards (D:3)
  7 rats
200 creatures vanquished.

Vanquished Creatures (others)
  A lemure (D:5)
  2 orcs
3 creatures vanquished.

Grand Total: 203 creatures vanquished

Notes
Turn   | Place    | Note
-------+----------+-------------------------------------------
     0 | D:1      | Shayle the Tengu Hexslinger began the quest for the Orb.
     0 | D:1      | Reached XP level 1. HP: 12/12 MP: 3/3
    54 | D:1      | Reached XP level 2. HP: 13/16 MP: 4/4
   104 | D:1      | Reached skill level 1 in Unarmed Combat
   386 | D:1      | Reached XP level 3. HP: 21/21 MP: 5/5
   389 | D:1      | Learned a level 2 spell: Jinxbite
  1043 | D:2      | Found a runed translucent door.
  1044 | D:2      | Noticed Crazy Yiuf
  1245 | D:2      | Reached XP level 4. HP: 25/26 MP: 6/6
  1255 | D:2      | Found Veota's Magic Scroll Boutique.
  1263 | D:2      | Bought a scroll of identify for 24 gold pieces
  2088 | D:3      | Noticed a black bear
  2097 | D:3      | Killed a black bear
  2098 | D:3      | Reached XP level 5. HP: 15/32 MP: 7/7
  2451 | D:3      | Found a snail-covered altar of Cheibriados.
  2592 | D:3      | Found a faded altar of an unknown god.
  2844 | D:3      | Noticed a phantom
  2871 | D:3      | Killed a phantom
  2872 | D:3      | Reached XP level 6. HP: 16/37 MP: 8/8
  3221 | D:4      | Gained mutation: Your magical flight helps you evade
                  | attacks. (EV +4) [Tengu growth]
  3221 | D:4      | Reached XP level 7. HP: 35/43 MP: 9/9
  3296 | D:4      | Reached skill level 5 in Dodging
  3853 | D:4      | Found a shimmering altar of Xom.
  4170 | D:5      | Entered Level 5 of the Dungeon
  4209 | D:5      | Found a staircase to the Ecumenical Temple.
  4218 | Temple   | Entered the Ecumenical Temple
  4240 | Temple   | Became a worshipper of the Wu Jian Council
  4421 | D:5      | Reached skill level 5 in Unarmed Combat
  4421 | D:5      | Reached skill level 1 in Shapeshifting
  4504 | D:5      | Noticed Menkaure
  4514 | D:5      | Killed Menkaure
  4515 | D:5      | Reached skill level 5 in Fighting
  4515 | D:5      | Reached XP level 8. HP: 13/49 MP: 7/10
  4708 | D:5      | Found a sparkling altar of Nemelex Xobeh.
  4717 | D:5      | Found a hazy altar of Hepliaklqana.
  4793 | D:5      | Found a radiant altar of Vehumet.
  4840 | D:5      | Noticed Pikel
  4859 | D:5      | Killed Pikel
  5460 | D:6      | Reached XP level 9. HP: 50/55 MP: 11/11
  5759 | D:7      | Identified the of Paec
  5759 | D:7      | Identified the "Miqijote"
  5759 | D:7      | Found a flagged portal.
  5766 | Bailey   | Entered a bailey
  5781 | Bailey   | Identified the +0 ring mail of the Lily {rPois rC+}
  6715 | D:7      | Reached skill level 5 in Shapeshifting
  6833 | D:7      | Reached * piety under Wu Jian
  7697 | D:7      | Reached XP level 10. HP: 35/61 MP: 12/12
  7853 | D:8      | Found an opulent altar of Gozag.
  8039 | D:10     | Entered Level 10 of the Dungeon
  8646 | D:10     | Upgraded the game from 0.31-a0-971-g75a2e9a4b4 to
                  | 0.31-a0-977-gc230f8ef24
  8922 | D:10     | Noticed Erolcha
  8928 | D:10     | Found a shadowy altar of Dithmenos.
  8937 | D:10     | Noticed a gargoyle
  9066 | D:11     | Noticed a two-headed ogre
  9079 | D:11     | Killed a two-headed ogre
  9582 | D:11     | HP: 3/64 [troll (5)]
  9583 | D:11     | Reached ** piety under Wu Jian
  9827 | D:11     | Slain by a troll

Illustrated notes

Levels and vault maps discovered:
D:1:      dpeg_arrival_tiny_a, layout_basic
D:2:      layout_loops_ring, serial_shops, shop_scrolls, uniq_crazy_yiuf_cottage
D:3:      layout_loops_ring, slow_altar_1, ebering_ecumenical_altar_petrified,
          feat_on_display
D:4:      layout_basic, mainiacjoe_overflow_catwalk
D:5:      layout_loops_ring, fiery_altar_vehumet,
          mainiacjoe_overflow_catwalk_spiral, minmay_temple_entry_arrows,
          uniq_pikel, uniq_menkaure
D:6:      layout_rooms
D:7:      layout_rooms, enter_bailey_2
D:8:      layout_basic, nicolae_overflow_crystal_walls,
          mainiacjoe_overflow_paths, serial_shops, nicolae_shop_gaudy_bauble,
          minmay_misc_feat_diagonals, fountainhead, nicolae_shop_gadgets,
          uniq_maggie, uniq_grum
D:9:      minmay_the_grid_triangle_9x9_recursive_2_mashed
          [minmay_the_grid_triangle_9x9_prize_center,
          minmay_the_grid_triangle_9x9_fully_insulated_deathbox,
          minmay_the_grid_triangle_9x9_zippers_horizontal,
          minmay_the_grid_triangle_9x9_pentomino_pain], layout_long_grid,
          lair_entry_dummy
D:10:     minmay_general_purpose_star, layout_stronghold,
          mainiacjoe_overflow_24_doors, nicolae_yredelemnul_corpse_copse,
          grunt_decor_mini_mirrors, uniq_erolcha
D:11:     layout_gridville, nemelex_diamond_rough_becter
Temple:   nicolae_temple_bog_church

Skill      XL: |  1  2  3  4  5  6  7  8  9 10 |
---------------+-------------------------------+-----
Unarmed Combat | 1 2 3 4 5 6 7 8 |  8.3
Fighting       | 2 3 4 5 6 7 |  7.8
Dodging        | 3 4 5 6 7 8 |  8.7
Shapeshifting  | 1 3 5 7 |  7.2
Ranged Weapons | |  2.1
Spellcasting   | |  1.0
Hexes          | |  2.1
Fire Magic     | |  1.1

Action                     |  1- 3 |  4- 6 |  7- 9 | 10-12 || total
---------------------------+-------+-------+-------+-------++-------
  Melee: Dagger            |    18 |   135 |   372 |   156 ||   681
         Kick              |     3 |    35 |   154 |    77 ||   269
         Peck              |     2 |    29 |    83 |    47 ||   161
         Punch             |       |     2 |    13 |     9 ||    24
         War axe           |       |       |       |    22 ||    22
         Unarmed           |       |       |       |     7 ||     7
   Fire: Sling             |    77 |       |     2 |       ||    79
         Longbow           |       |       |       |     2 ||     2
  Throw: Boomerang         |       |       |    13 |       ||    13
   Cast: Jinxbite          |     1 |       |     5 |       ||     6
Ability: Lunge             |       |       |    30 |    11 ||    41
         Whirlwind         |       |       |    16 |    55 ||    71
         Wall Jump         |       |       |       |     1 ||     1
  Evoke: Phial of floods   |       |       |     1 |       ||     1
    Use: Scroll            |     1 |     7 |     5 |     9 ||    22
         Potion            |       |     1 |     2 |     1 ||     4
 Armour: Robe              |    21 |       |       |       ||    21
         Ring mail         |     8 |    73 |   169 |   162 ||   412
  Dodge: Dodged            |    49 |    72 |   423 |   244 ||   788

Table legend: (Time is in decaauts)
 A = Elapsed time spent in this place.
 B = Non-inter-level travel time spent in this place.
 C = Inter-level travel time spent in this place.
 D = Time resting spent in this place.
 E = Time spent auto-exploring this place.
 F = Levels seen in this place.
 G = Mean time per level.
                   A        B        C        D        E       F      G
               +--------+--------+--------+--------+--------+-----+--------+
         Total |   9870 |   9375 |    495 |   1795 |   4959 |  13 |  759.2 |
       Dungeon |   8952 |   8498 |    454 |   1562 |   4786 |  11 |  813.8 |
        Temple |     42 |      1 |     41 |      0 |      0 |   1 |   42.0 |
        Bailey |    875 |    875 |      0 |    233 |    173 |   1 |  875.0 |
               +--------+--------+--------+--------+--------+-----+--------+

Top non-repeatable levels by time:
     D:3: 1163 daAuts
     D:5: 1048 daAuts
     D:4: 1041 daAuts
     D:2: 1015 daAuts
     D:1: 972 daAuts
    D:10: 970 daAuts
     D:7: 958 daAuts
  Bailey: 875 daAuts
    D:11: 835 daAuts
     D:6: 701 daAuts
     D:8: 134 daAuts
     D:9: 110 daAuts
  Temple: 42 daAuts
